 Dungeon Crawl Stone Soup version 0.29.1-12-g30fa7ad0bf (webtiles) character file.

Game seed: 11004504666625015756

63 Oxelix the Digger (level 3, -1/19 HPs)
             Began as a Deep Elf Earth Elementalist on Jan 8, 2023.
             Slain by Sigmund
             ... wielding a +0 scythe
              (5 damage)
             ... on level 3 of the Dungeon.
             The game lasted 00:06:58 (1791 turns).

Oxelix the Digger (Deep Elf Earth Elementalist)     Turns: 1791, Time: 00:06:59

Health: -1/19      AC:  3    Str:  5    XL:     3   Next: 87%
Magic:  7/10       EV: 12    Int: 21    God:
Gold:   101        SH:  0    Dex: 15    Spells: 8/9 levels left

rFire   . . .      SeeInvis .   q - staff of earth
rCold   . . .      Faith    .   (no shield)
rNeg    . . .      Spirit   .   a - +0 robe
rPois   .          Reflect  .   (no helmet)
rElec   .          Harm     .   d - +0 cloak
rCorr   .          Rampage  .   (no gloves)
Will    .....                   (no boots)
Stlth   ++........              (no amulet)
HPRegen 0.06/turn               (no ring)
MPRegen 0.12/turn               (no ring)

@: no status effects
A: no striking features
a: no special abilities


You were on level 3 of the Dungeon.
You visited 1 branch of the dungeon, and saw 3 of its levels.

You collected 101 gold pieces.

Inventory:

Hand Weapons
 p - a +0 short sword
Missiles
 l - a throwing net
Armour
 a - a +0 robe (worn)
 d - a +0 cloak (worn)
 g - an orb of mayhem
Magical Staves
 q - a staff of earth (weapon)
Jewellery
 j - an amulet of magic regeneration
Scrolls
 e - a scroll of noise {unknown}
 f - 2 scrolls of fog {unknown}
 i - a scroll of enchant weapon {unknown}
 k - a scroll of acquirement {unknown}
 m - 2 scrolls of identify {unknown}
 r - a scroll of teleportation {unknown}
Potions
 b - a potion of magic
 c - a potion of attraction {unknown}
 h - a potion of ambrosia {unknown}
 n - a potion of degeneration {unknown}
 o - 2 potions of brilliance {unknown}
 s - 2 potions of curing {unknown}


   Skills:
 - Level 2.4 Dodging
 - Level 2.4 Stealth
 + Level 3.8 Spellcasting
 + Level 2.1 Transmutations
 * Level 4.5 Earth Magic


You had 8 spell levels left.
You knew the following spells:

 Your Spells              Type           Power      Damage    Failure   Level
a - Sandblast             Erth           68%        2d15      1%          1

Your spell library contained the following spells:

 Spells                   Type           Power      Damage    Failure   Level
 Passwall                 Tmut/Erth      22%        N/A       4%          2
 Stone Arrow              Conj/Erth      40%        3d9       14%         3
 Petrify                  Tmut/Erth      27%        N/A       30%         4
 Gell's Gravitas          Tloc           4%         N/A       36%         3
 Lesser Beckoning         Tloc           4%         N/A       36%         3
 Teleport Other           Tloc           4%         N/A       36%         3


Dungeon Overview and Level Annotations

Branches:
Dungeon (3/15)

Altars:
Dithmenos

Annotations:
D:3 Sigmund


Message History

You feel a surge of power!
The blast of sand hits the rat!!
You kill the rat!
You start resting.
Magic restored.
Sigmund the Dreaded comes into view.
He is wielding a +0 scythe.
Sigmund casts a spell at you.
You are confused.
You're too confused to move!
Sigmund gestures at you while chanting. The magic dart hits you.
You bump into the rock wall.
Sigmund says, "I'm your fate."
You bump into the rock wall.
You feel less confused.
Casting: Sandblast (safe; 1% risk of failure)
Confirm with . or Enter, or press ? or * to list all spells.
Aiming: Sandblast (safe; 1% risk of failure)
Press: ? - help, Shift-Dir - straight line, f - Sigmund
Aim: Sigmund, wielding a +0 scythe and wearing a +0 robe (82% to hit)
You feel a surge of power!
The blast of sand hits Sigmund!
Sigmund is heavily wounded.
Casting: Sandblast (safe; 1% risk of failure)
Confirm with . or Enter, or press ? or * to list all spells.
Aiming: Sandblast (safe; 1% risk of failure)
Press: ? - help, Shift-Dir - straight line, f/p - Sigmund
Aim: Sigmund, wielding a +0 scythe and wearing a +0 robe (heavily wounded, 82% to hit)
You feel a surge of power!
The blast of sand hits Sigmund.
Sigmund is severely wounded.
Sigmund hits you from afar with a +0 scythe!
Ouch! That really hurt!
* * * LOW HITPOINT WARNING * * *
Casting: Sandblast (safe; 1% risk of failure)
Confirm with . or Enter, or press ? or * to list all spells.
Aiming: Sandblast (safe; 1% risk of failure)
Press: ? - help, Shift-Dir - straight line, f/p - Sigmund
Aim: Sigmund, wielding a +0 scythe and wearing a +0 robe (severely wounded, 82% to hit)
You feel a surge of power!
The blast of sand hits Sigmund!
Sigmund is almost dead.
Sigmund hits you from afar with a +0 scythe.
You die...

#...........
...#########.##########
#...........[.......[.
######..#############.
#..## ## #.## ##### #
#.# ...... ... #.#
###### .....###@###..#
#. .....)@......# #.
......######## #. .$..$
#. .... ####. ...
######.... ..
#......### .
#####.###### .#......##


You could see Sigmund.

Vanquished Creatures
  A gnoll (D:1)
  An adder (D:2)
  A worm (D:2)
  2 ball pythons
  4 endoplasms
  A giant cockroach (D:1)
  2 hobgoblins
  A jackal (D:2)
  3 kobolds
  4 quokkas
  6 bats (D:1)
  3 frilled lizards (D:2)
  7 goblins
  4 rats
40 creatures vanquished.

Vanquished Creatures (others)
  A plant (D:3)
1 creature vanquished.

Grand Total: 41 creatures vanquished

Notes
Turn   | Place    | Note
-------+----------+-------------------------------------------
     0 | D:1      | Oxelix the Deep Elf Earth Elementalist began the quest for
                  | the Orb.
     0 | D:1      | Reached XP level 1. HP: 10/10 MP: 6/6
   182 | D:1      | Reached XP level 2. HP: 15/15 MP: 4/8
   639 | D:1      | Reached skill level 4 in Earth Magic
   639 | D:1      | Reached XP level 3. HP: 19/19 MP: 8/10
   957 | D:2      | Found a shadowy altar of Dithmenos.
   958 | D:2      | Found a faded altar of an unknown god.
  1270 | D:2      | Identified the +11 hand axe of Cowardice {pain, +Blink rC+
                  | rN+++ Str-5}
  1274 | D:2      | Lost strength.
  1782 | D:3      | Noticed Sigmund
  1791 | D:3      | Slain by Sigmund

Illustrated notes

Levels and vault maps discovered:
D:1:      ebering_trefoil_twist, layout_rooms
D:2:      layout_rooms, basic_altar, basic_ecumenical_altar, hex_intersection,
          minmay_vboxes
D:3:      kennysheep_the_goblin_king, layout_rooms, serial_bayou_pond_b,
          uniq_ijyb, uniq_sigmund, uniq_natasha

Skill      XL: |  1  2  3 |
---------------+----------+-----
Earth Magic    | 4 |  4.5
Transmutations | 2 |  2.1
Dodging        | |  2.4
Stealth        | |  2.4
Spellcasting   | |  3.8

Action                   || total
-------------------------++-------
Melee: Short sword       ||     2
 Cast: Sandblast         ||    53
 Stab: Sleeping          ||     1
Armor: Robe              ||     5
Dodge: Dodged            ||    10
